 Dungeon Crawl Stone Soup version 0.31-a0-233-g139696dc86 (webtiles) character file.

Game seed: 10217830419528948735

191 qw the Shooter (level 5, -6/45 HPs)
             Began as a Minotaur Hexslinger on July 9, 2023.
             Killed from afar by Sigmund (10 damage)
             ... with a puff of flame
             ... on level 4 of the Dungeon.
             The game lasted 00:01:08 (2679 turns).

qw the Shooter (Minotaur Hexslinger)                Turns: 2679, Time: 00:01:08

Health: -6/45      AC:  6    Str: 10    XL:     5   Next: 41%
Magic:  5/5        EV: 10    Int: 10    God:
Gold:   102        SH:  0    Dex: 14    Spells: 5/6 levels left

rFire   . . .        Y - +1 sling
rCold   + . .        (no shield)
rNeg    + . .        f - +0 ring mail
rPois   .            (helmet restricted)
rElec   .            (no cloak)
rCorr   .            a - +0 pair of gloves of Weightlessness {rN+ Str-3 SInv}
SInv    +            (no boots)
Will    .....        (no amulet)
Stlth   +            n - ring of protection from cold
HPRegen 0.27/turn    (no ring)
MPRegen 0.09/turn

%: no passive effects
@: no status effects
A: horns 2, retaliatory headbutt
a: no special abilities


You were on level 4 of the Dungeon.
You visited 1 branch of the dungeon, and saw 4 of its levels.

You collected 102 gold pieces.


Innate Abilities, Weirdness & Mutations

You have a pair of horns on your head.
You reflexively headbutt those who attack you in melee.


   Skills:
 - Level 3.2 Fighting
 + Level 5.4 Ranged Weapons
 - Level 1.1 Armour
 - Level 2.1 Dodging
 - Level 1.0 Spellcasting
 - Level 2.0 Hexes


You had 5 spell levels left.
You knew the following spells:

 Your Spells              Type           Power      Damage    Failure   Level
a - Slow                  Hex            16%        N/A       36%         1

Your spell library contained the following spells:

 Spells                   Type           Power      Damage    Failure   Level
 Inner Flame              Hex/Fire       2%         N/A       86%         3
 Portal Projectile        Hex/Tloc       4%         N/A       86%         3
 Cause Fear               Hex            2%         N/A       98%         4

Inventory:

Hand Weapons
 Y - a +1 sling (weapon)
Armour
 a - the +0 pair of gloves of Weightlessness (worn) {rN+ Str-3 SInv}
   (You acquired it on level 3 of the Dungeon)

   Str:       It affects your strength (-3).
   rN:        It protects you from negative energy.
   SInv:      It lets you see invisible.
 c - a +0 pair of gloves of strength
 f - a +0 ring mail (worn)
Jewellery
 n - a ring of protection from cold (left hand)
Potions
 d - a potion of lignification {unknown}
 e - a potion of ambrosia {unknown}
 g - a potion of might {unknown}
 h - a potion of haste {unknown}
 j - a potion of brilliance {unknown}
 o - a potion of degeneration {unknown}
 q - a potion of attraction {unknown}
 r - a potion of berserk rage {unknown}

Dungeon Overview and Level Annotations

Branches:
Dungeon (4/15)
 Temple: D:4-7

Altars:
Sif Muna

Shops:
D:2 =

Annotations:
D:4 Sigmund


Message History

Sigmund hits you from afar with a +0 scythe.
You shoot a sling bullet. The sling bullet hits Sigmund.
Sigmund is heavily wounded.
Sigmund zaps a wand.
The puff of flame hits you.
You shoot a sling bullet. The sling bullet hits Sigmund.
Sigmund is heavily wounded.
Sigmund casts a spell at you. The puff of flame hits you!
2670 ||| DRINKING potion of heal wounds.
You feel much better.
Sigmund hits you from afar with a +0 scythe!
You shoot a sling bullet. The sling bullet hits Sigmund.
Sigmund is severely wounded.
Sigmund hits you but does no damage.
You shoot a sling bullet. The sling bullet hits Sigmund.
Sigmund is almost dead.
You shoot a sling bullet. The sling bullet hits Sigmund.
Sigmund is almost dead.
Sigmund hits you from afar with a +0 scythe.
You shoot a sling bullet.
The sling bullet closely misses Sigmund.
Sigmund closely misses you.
You shoot a sling bullet.
The sling bullet closely misses Sigmund.
Sigmund hits you from afar with a +0 scythe!
You shoot a sling bullet.
The sling bullet hits Sigmund but does no damage.
Sigmund is almost dead.
Sigmund gestures at you while chanting. The magic dart hits you.
You shoot a sling bullet.
The sling bullet closely misses Sigmund.
Sigmund hits you from afar with a +0 scythe.
You shoot a sling bullet.
The sling bullet closely misses Sigmund.
Sigmund closely misses you.
You shoot a sling bullet.
The sling bullet closely misses Sigmund.
Sigmund zaps a wand.
The puff of flame hits you!
You die...

... ... . #.# .#
###.####.##
..........
.......
########...#
##.....##@..#####
#.......').......
#......@#.......#
##..##.#####+####
..######.##
..........#
.......<..#
............#
..###+#######


You could see Sigmund (invisible).

Vanquished Creatures
  An orc priest (D:3)
  Robin (D:3)
  3 gnolls (D:2)
  3 adders (D:3)
  2 worms
  3 dart slugs
  7 orcs
  4 bats
  7 endoplasms
  A giant cockroach (D:3)
  13 goblins
  9 hobgoblins
  2 quokkas
  4 ball pythons (D:3)
  4 frilled lizards
  5 kobolds
  5 rats
74 creatures vanquished.

Notes
Turn   | Place    | Note
-------+----------+-------------------------------------------
     0 | D:1      | qw the Minotaur Hexslinger began the quest for the Orb.
     0 | D:1      | Reached XP level 1. HP: 16/16 MP: 1/1
     0 | D:1      | 0 ||| qw: Version: 0.3-a-51-g015441d
     0 | D:1      | 0 ||| qw: Game counter: 3921
     0 | D:1      | 0 ||| qw: Melee chars always use a shield: true
     0 | D:1      | 0 ||| qw: God list: Okawaru
     0 | D:1      | 0 ||| qw: Allow faded altars: false
     0 | D:1      | 0 ||| qw: Do Orc after clearing Dungeon:15 true
     0 | D:1      | 0 ||| qw: Do second Lair branch before Depths: true
     0 | D:1      | 0 ||| qw: Lair rune preference: random
     0 | D:1      | 0 ||| qw: Goals: Normal
     0 | D:1      | 0 ||| PLANNING D:1-11
   179 | D:1      | Reached skill level 3 in Ranged Weapons
   181 | D:1      | Reached XP level 2. HP: 23/23 MP: 2/2
   674 | D:1      | 674 ||| UPGRADING to +0 ring mail.
   684 | D:1      | 684 ||| DROPPING +0 robe.
   685 | D:1      | 685 ||| READING scroll labelled JITRAFEALU.
   688 | D:1      | 688 ||| DROPPING scroll of poison.
  1024 | D:2      | Reached XP level 3. HP: 28/29 MP: 3/3
  1051 | D:2      | Reached skill level 4 in Ranged Weapons
  1062 | D:2      | HP: 6/29 [gnoll/+0 flail (3)]
  1063 | D:2      | 1063 ||| READING scroll of teleportation.
  1065 | D:2      | Reached skill level 1 in Armour
  1296 | D:2      | Found Haral's Jewellery Shop.
  1305 | D:2      | 1305 ||| SHOPLISTING +6 ring of dexterity (504 gold, have
                  | 83).
  1305 | D:2      | 1305 ||| SHOPLISTING amulet of Jeta {Harm +Blink Regen+}
                  | (616 gold, have 83).
  1305 | D:2      | 1305 ||| SHOPLISTING ring "Teckigos" {rPois Str+4 Int+6}
                  | (778 gold, have 83).
  1305 | D:2      | 1305 ||| SHOPLISTING ring "Yvitipimn" {Ice *Slow Fly rPois
                  | rN++} (604 gold, have 83).
  1305 | D:2      | 1305 ||| SHOPLISTING ring of see invisible (210 gold, have
                  | 83).
  1413 | D:2      | 1413 ||| UPGRADING to +0 pair of gloves of strength.
  1418 | D:2      | 1418 ||| READING scroll labelled WANASIOWAM.
  1419 | D:2      | 1419 ||| READING scroll labelled LIABIYSUZI.
  1460 | D:3      | Reached XP level 4. HP: 36/36 MP: 4/4
  1672 | D:3      | Found the sphere of Battle
  1713 | D:3      | Identified the +5 kite shield of Amorality {Will+ Str+4}
  1748 | D:3      | Reached skill level 5 in Ranged Weapons
  1854 | D:3      | Found a shimmering blue altar of Sif Muna.
  2162 | D:3      | HP: 7/37 [orc priest/+0 falchion (6)]
  2163 | D:3      | 2163 ||| READING scroll of teleportation.
  2165 | D:3      | Reached skill level 3 in Fighting
  2165 | D:3      | Reached XP level 5. HP: 9/45 MP: 5/5
  2511 | D:3      | 2511 ||| UPGRADING to ring of protection from cold.
  2512 | D:3      | 2512 ||| READING scroll labelled GASSAE AN YFRE.
  2513 | D:3      | 2513 ||| READING scroll labelled DOPPEO HEUTHRUS.
  2514 | D:3      | 2514 ||| READING scroll labelled OBAEF JUCZYRR.
  2515 | D:3      | 2515 ||| READING scroll labelled XISU IPPUENYTZ.
  2515 | D:3      | Identified a scroll of acquirement
  2515 | D:3      | 2515 ||| ACQUIRING +0 pair of gloves of Weightlessness {rN+
                  | Str-3 SInv}
  2515 | D:3      | Acquired the +0 pair of gloves of Weightlessness {rN+ Str-3
                  | SInv}
  2517 | D:3      | 2517 ||| UPGRADING to +0 pair of gloves of Weightlessness
                  | {rN+ Str-3 SInv}.
  2527 | D:3      | 2527 ||| READING scroll labelled QAJ TAPUATY.
  2555 | D:3      | Noticed Robin
  2568 | D:3      | Killed Robin
  2586 | D:4      | Noticed Sigmund
  2598 | D:4      | 2598 ||| STAIRDANCE
  2669 | D:4      | HP: 10/45 [Sigmund/puff of flame (10)]
  2670 | D:4      | 2670 ||| DRINKING potion of heal wounds.
  2676 | D:4      | HP: 7/45 [Sigmund/magic dart (5)]
  2677 | D:4      | HP: 3/45 [Sigmund/+0 scythe (4)]
  2679 | D:4      | Killed from afar by Sigmund

Levels and vault maps discovered:
D:1:      lemuel_arrival_tunnels, layout_basic, minmay_misc_feat_pillars,
          palyth_stone_intersect, minmay_misc_feat_tiny, minmay_misc_feat_plants
D:2:      layout_loops_ring, serial_shops, nicolae_shop_rolling_square
D:3:      layout_loops_ring, nicolae_sif_muna_little_library, st_stairs_1,
          minmay_starry_boxes, uniq_robin
D:4:      layout_gridville, minmay_overflow_temple_star_hex,
          minmay_pentomino_pile, uniq_sigmund

Skill      XL: |  1  2  3  4 |
---------------+-------------+-----
Ranged Weapons | 3 4 5 |  5.4
Fighting       | 2 3 |  3.2
Armour         | 1 |  1.1
Dodging        | |  2.1
Spellcasting   | |  1.0
Hexes          | |  2.0

Action                     |  1- 3 |  4- 6 || total
---------------------------+-------+-------++-------
   Fire: Sling             |    91 |   177 ||   268
    Use: Scroll            |     4 |     6 ||    10
         Potion            |       |     1 ||     1
 Armour: Ring mail         |     5 |    38 ||    43
  Dodge: Dodged            |    21 |    73 ||    94

Table legend:
 A = Non-vault XP
 B = Vault XP
 C = Vault XP percentage of total XP
 D = Non-vault monster count
 E = Vault monster count
 F = Vault count percentage of total count
                 A         B        C        D         E       F
            +---------+---------+-------+---------+---------+-------
      Total |     227 |      46 |  16.8 |      56 |      18 |  24.3
            +---------+---------+-------+---------+---------+-------
        D:1 |      27 |       0 |   0.0 |      16 |       0 |   0.0
        D:2 |      67 |       0 |   0.0 |      13 |       0 |   0.0
        D:3 |     133 |      46 |  25.7 |      27 |      18 |  40.0
            +---------+---------+-------+---------+---------+-------
